 Dungeon Crawl Stone Soup version 0.25-a0-930-g9f5dfa9815 (webtiles) character file.

Game seed: 16449481330991596799, levelgen mode: deterministic

857228 grindst0ne the Gnoll Aeon (level 27, -18/206 HPs)
             Began as a Gnoll Wanderer on May 3, 2020.
             Was the Champion of Cheibriados.
             Killed from afar by a Brimstone Fiend (40 damage)
             ... with damnation
             ... created by the effects of Hell
             ... on level 7 of Gehenna.
             The game lasted 04:16:11 (91464 turns).

grindst0ne the Gnoll Aeon (Gnoll Wanderer)         Turns: 91464, Time: 04:16:12

Health: -18/206    AC: 45    Str: 48      XL:     27
Magic:  28/47      EV: 31    Int: 36      God:    Cheibriados [******]
Gold:   6443       SH: 22    Dex: 42 (43) Spells: 9/67 levels left

rFire    + + +     SeeInvis .   a - +9 broad axe (vorpal)
rCold    + + +     Gourm    .   O - +1 kite shield {rN+}
rNeg     + + +     Faith    +   A - +8 gold dragon scales
rPois    ∞         Spirit   .   C - +4 hat of the Armadillo {rF+ rN+ rCorr Dex+4}
rElec    +         Reflect  .   U - scarf {rC+ rF+}
rCorr    +         Harm     .   y - +2 pair of gloves {Dex+3}
MR       +++++                  W - +0 pair of boots "Ibbuytar" {rPois Str+8 Dex+3}
Stlth    ..........             b - amulet "Lonemmurph" {Faith rPois MR++ Str+2 Stlth-}
HPRegen  0.44/turn              S - ring "Seuliop" {rElec rF+ Str+4 Dex-3}
MPRegen  0.30/turn              d - ring "Hoamnoff" {Wiz rC+ rN+}

@: lich-form (expiring), contaminated, glowing, studying Necromancy, heavily
drained, very slow
A: distributed training, fangs 1, clever 1, frail 1, strong 1, strong nose
}: 5/15 runes: decaying, slimy, silver, icy, gossamer
a: End Transformation, Bend Time, Temporal Distortion, Slouch, Step From Time,
Renounce Religion


You were on level 7 of Gehenna.
You worshipped Cheibriados.
Cheibriados was exalted by your worship.
You were not hungry.
You were a lich.
You visited 15 branches of the dungeon, and saw 73 of its levels.
You visited the Abyss 1 time.
You visited 2 bazaars.
You also visited: Desolation.

You collected 10067 gold pieces.
You spent 3624 gold pieces at shops.

Inventory:

Hand Weapons
 a - a +9 vorpal broad axe (weapon)
 F - the +6 double sword "Qegoox Neth" {flame, *Drain MR+ Stlth+}
   (You found it on level 7 of Gehenna)

   It has been specially enchanted to burn those struck by it, causing extra
   injury to most foes and up to half again as much damage against particularly
   susceptible opponents.
   Big, fiery blades are also staple armaments of hydra-hunters.
   It affects your resistance to hostile enchantments.
   It causes draining when unequipped.
   It makes you more stealthy.
Missiles
 K - 6 throwing nets (quivered)
Armour
 y - a +2 pair of gloves of dexterity (worn)
 A - +8 gold dragon scales (worn)
 C - the +4 hat of the Armadillo (worn) {rF+ rN+ rCorr Dex+4}
   (You bought it in a shop on level 2 of the Orcish Mines)

   It affects your dexterity (+4).
   It protects you from fire.
   It protects you from negative energy.
   It provides partial protection from all sources of acid and corrosion.
 O - a +1 kite shield of positive energy (worn)
 U - a scarf of resistance (worn)
 W - the +0 pair of boots "Ibbuytar" (worn) {rPois Str+8 Dex+3}
   (You found it on level 13 of the Dungeon)

   It affects your strength (+8).
   It affects your dexterity (+3).
   It protects you from poison.
Jewellery
 b - the amulet "Lonemmurph" (around neck) {Faith rPois MR++ Str+2 Stlth-}
   (You bought it in a shop in a bazaar)

   [amulet of faith]

   It allows you to gain divine favour quickly.
   It affects your strength (+2).
   It protects you from poison.
   It affects your resistance to hostile enchantments.
   It makes you less stealthy.
 d - the ring "Hoamnoff" (right hand) {Wiz rC+ rN+}
   (You found it in the Desolation of Salt)

   [ring of wizardry]

   It improves your spell success rate.
   It protects you from cold.
   It protects you from negative energy.
 v - the amulet of the Four Winds {rN+ MR+++ Clar}
   (You took it off a vampire knight on level 2 of the Depths)

   [amulet of nothing]

   It protects you from negative energy.
   It affects your resistance to hostile enchantments.
   It protects you against confusion.
 w - the ring "Dyekhluxzo" {rElec rC+ Str+2 Int+5 Dex-5}
   (You took it off Antaeus on level 7 of Cocytus)

   [ring of protection from cold]

   It affects your strength (+2).
   It affects your intelligence (+5).
   It affects your dexterity (-5).
   It protects you from cold.
   It insulates you from electricity.
 G - the ring of Jazaopp {Wiz +Blink rC+ MP+9}
   (You found it in the Desolation of Salt)

   [ring of wizardry]

   It improves your spell success rate.
   It protects you from cold.
   It affects your magic capacity (+9).
   It lets you blink.
 S - the ring "Seuliop" (left hand) {rElec rF+ Str+4 Dex-3}
   (You found it on level 13 of the Dungeon)

   [ring of dexterity]

   It affects your strength (+4).
   It affects your dexterity (-3).
   It protects you from fire.
   It insulates you from electricity.
Wands
 n - a wand of acid (12)
 p - a wand of paralysis (26)
 s - a wand of disintegration (31)
 t - a wand of iceblast (22)
 Q - a wand of digging (31)
 Y - a wand of clouds (3)
Scrolls
 e - 7 scrolls of magic mapping
 i - 28 scrolls of remove curse
 j - 11 scrolls of amnesia
 l - 4 scrolls of fear
 m - 20 scrolls of teleportation
 o - 7 scrolls of fog
 D - 3 scrolls of silence
 I - a scroll of enchant armour
 L - 4 scrolls of enchant weapon
 T - a scroll of brand weapon
Potions
 c - 12 potions of flight
 g - 7 potions of stabbing
 r - 5 potions of ambrosia
 z - 5 potions of brilliance
 E - 4 potions of magic
 J - 3 potions of resistance
 M - 2 potions of heal wounds
 V - 9 potions of curing
Books
 H - a manual of Necromancy
Miscellaneous
 k - 3 tins of tremorstones
 q - a phial of floods
 u - 4 phantom mirrors
 B - a lightning rod (4/4)
 P - a box of beasts
Comestibles
 f - 91 rations


   Skills:
 + Level 21.4(18.8) Fighting
 + Level 20.7(18.2) Short Blades
 + Level 20.7(18.2) Long Blades
 + Level 21.4(18.8) Axes
 + Level 20.7(18.2) Maces & Flails
 + Level 20.7(18.2) Polearms
 + Level 20.7(18.2) Staves
 + Level 20.7(18.2) Slings
 + Level 20.7(18.2) Bows
 + Level 20.7(18.2) Crossbows
 + Level 20.7(18.2) Throwing
 + Level 20.9(18.3) Armour
 + Level 20.7(18.2) Dodging
 + Level 20.7(18.2) Stealth
 + Level 20.7(18.2) Shields
 + Level 20.9(18.3) Unarmed Combat
 + Level 20.7(18.2) Spellcasting
 + Level 18.0(15.6) Conjurations
 + Level 18.0(15.6) Hexes
 + Level 18.0(15.6) Charms
 + Level 18.0(15.6) Summonings
 + Level 18.4(16.0) Necromancy
 + Level 18.0(15.6) Translocations
 + Level 18.0(15.6) Transmutations
 + Level 18.0(15.6) Fire Magic
 + Level 18.0(15.6) Ice Magic
 + Level 18.0(15.6) Air Magic
 + Level 18.0(15.6) Earth Magic
 + Level 18.0(15.6) Poison Magic
 + Level 22.2(19.6) Invocations
 + Level 21.1(18.5) Evocations


You had 9 spell levels left.
You knew the following spells:

 Your Spells              Type           Power        Failure   Level  Hunger
a - Summon Lightning Spi  Summ/Air       #######.     1%          4    N/A
b - Controlled Blink      Tloc           N/A          21%         8    N/A
c - Lesser Beckoning      Tloc           #######...   0%          3    N/A
d - Song of Slaying       Chrm           #######.     0%          2    N/A
e - Sublimation of Blood  Necr           ########..   0%          2    N/A
f - Death Channel         Necr           ########..   1%          6    N/A
g - Blink                 Tloc           N/A          0%          2    N/A
h - Statue Form           Tmut/Erth      #######..    1%          6    N/A
i - Passage of Golubria   Tloc           N/A          1%          4    N/A
j - Necromutation         Tmut/Necr      ########..   19%         8    N/A
k - Aura of Abjuration    Summ           #######...   1%          5    N/A
l - Borgnjor's Revivific  Necr           ########..   17%         8    N/A

Your spell library contained the following spells:

 Spells                   Type           Power        Failure   Level  Hunger
 Animate Skeleton         Necr           N/A          0%          1    N/A
 Apportation              Tloc           ######       0%          1    N/A
 Corona                   Hex            #######      0%          1    N/A
 Foxfire                  Conj/Fire      ####         0%          1    N/A
 Infusion                 Chrm           ####         0%          1    N/A
 Magic Dart               Conj           ####         0%          1    N/A
 Shock                    Conj/Air       ####         0%          1    N/A
 Sting                    Tmut/Pois      ####         0%          1    N/A
 Summon Butterflies       Summ           #######.     0%          1    N/A
 Summon Small Mammal      Summ           ####         0%          1    N/A
 Call Imp                 Summ           #######.     0%          2    N/A
 Corpse Rot               Necr/Air       N/A          0%          2    N/A
 Ensorcelled Hibernation  Hex/Ice        ######       0%          2    N/A
 Poisonous Vapours        Pois/Air       ######       0%          2    N/A
 Shroud of Golubria       Chrm/Tloc      ######       0%          2    N/A
 Slow                     Hex            #######.     0%          2    N/A
 Swiftness                Chrm/Air       #######.     0%          2    N/A
 Call Canine Familiar     Summ           #######.     0%          3    N/A
 Confusing Touch          Hex            #######.     0%          3    N/A
 Conjure Flame            Conj/Fire      #######.     0%          3    N/A
 Dazzling Flash           Conj/Hex       ######       0%          3    N/A
 Gell's Gravitas          Tloc           #######...   0%          3    N/A
 Ignite Poison            Fire/Tmut/Pois #######.     0%          3    N/A
 Inner Flame              Hex/Fire       #######.     0%          3    N/A
 Mephitic Cloud           Conj/Pois/Air  #######.     0%          3    N/A
 Ozocubu's Armour         Chrm/Ice       #######.     0%          3    N/A
 Portal Projectile        Hex/Tloc       ######       0%          3    N/A
 Recall                   Summ/Tloc      N/A          0%          3    N/A
 Spectral Weapon          Hex/Chrm       #######.     0%          3    N/A
 Static Discharge         Conj/Air       #######.     0%          3    N/A
 Stone Arrow              Conj/Erth      ######       0%          3    N/A
 Summon Guardian Golem    Hex/Summ       #######.     0%          3    N/A
 Teleport Other           Tloc           #######.     0%          3    N/A
 Tukima's Dance           Hex            #######.     0%          3    N/A
 Airstrike                Air            #######...   1%          4    N/A
 Cause Fear               Hex            #######...   1%          4    N/A
 Fulminant Prism          Conj/Hex       #######...   1%          4    N/A
 Hailstorm                Conj/Ice       #######.     1%          4    N/A
 Ice Form                 Ice/Tmut       #######.     1%          4    N/A
 Leda's Liquefaction      Hex/Erth       #######...   1%          4    N/A
 Olgreb's Toxic Radiance  Pois           #######.     1%          4    N/A
 Petrify                  Tmut/Erth      #######.     1%          4    N/A
 Summon Ice Beast         Ice/Summ       #######.     1%          4    N/A
 Alistair's Intoxication  Tmut/Pois      #######.     1%          5    N/A
 Bolt of Magma            Conj/Fire/Erth #######...   1%          5    N/A
 Excruciating Wounds      Chrm/Necr      ########..   1%          5    N/A
 Fireball                 Conj/Fire      #######...   1%          5    N/A
 Irradiate                Conj/Tmut      #######...   1%          5    N/A
 Iskenderun's Battlesphe  Conj/Chrm      #######.     1%          5    N/A
 Lightning Bolt           Conj/Air       #######...   1%          5    N/A
 Metabolic Englaciation   Hex/Ice        #######...   1%          5    N/A
 Silence                  Hex/Air        #######...   1%          5    N/A
 Summon Demon             Summ           #######...   1%          5    N/A
 Summon Mana Viper        Hex/Summ       #######.     1%          5    N/A
 Conjure Ball Lightning   Conj/Air       #######...   1%          6    N/A
 Dispersal                Tloc           #######...   1%          6    N/A
 Eringya's Noxious Bog    Tmut/Pois      #######...   1%          6    N/A
 Freezing Cloud           Conj/Ice/Air   #######...   1%          6    N/A
 Invisibility             Hex            #######.     1%          6    N/A
 Iron Shot                Conj/Erth      #######...   1%          6    N/A
 Ozocubu's Refrigeration  Ice            #######...   1%          6    N/A
 Simulacrum               Ice/Necr       ########..   1%          6    N/A
 Starburst                Conj/Fire      #######...   1%          6    N/A
 Haunt                    Necr/Summ      ########..   2%          7    N/A
 Orb of Destruction       Conj           #######...   2%          7    N/A
 Ring of Flames           Chrm/Fire      #######...   2%          7    N/A
 Spellforged Servitor     Conj/Summ      #######...   2%          7    N/A
 Infestation              Necr           ########..   17%         8    N/A
 Death's Door             Chrm/Necr      ########..   19%         8    N/A
 Disjunction              Tloc           #######...   21%         8    N/A
 Ignition                 Fire           #######...   21%         8    N/A
 Shatter                  Erth           #######...   95%         9    N/A
 Tornado                  Air            #######...   95%         9    N/A

Dungeon Overview and Level Annotations

Branches:
Dungeon (15/15)            Temple (1/1) D:7            Lair (6/6) D:11
  Swamp (4/4) Lair:3       Spider (4/4) Lair:3        Slime (5/5) Lair:5
    Orc (2/2) D:9             Elf (3/3) Orc:2        Vaults (5/5) D:14
  Crypt (3/3) Vaults:3       Tomb (0/3) Crypt:3      Depths (5/5) D:15
   Hell (visited)             Dis (0/7) Hell            Geh (7/7) Hell
    Coc (7/7) Hell            Tar (0/7) Hell            Zot (5/5) Depths:5
Desolation (visited)

Altars:
Ashenzari
Cheibriados
Dithmenos
Elyvilon
Fedhas
Gozag
Hepliaklqana
Kikubaaqudgha
Makhleb
Nemelex Xobeh
Okawaru
Qazlal
Ru
Sif Muna
Trog
Uskayaw
Vehumet
Wu Jian
Yredelemnul
Zin
Beogh
Jiyva

Shops:
D:12 [   Orc:2 [(:*   Elf:1 *   Vaults:1 *   Vaults:5 :

Portals:
Hell: Depths:1 Depths:2 Depths:3 Depths:4 Depths:5
Abyss: Depths:2 Depths:4
Pandemonium: Depths:3
Ziggurat: Depths:1
Trove: Vaults:3 (give 2 scrolls of acquirement)

Annotations:
Geh:7 Asmodeus, Serpent of Hell


Innate Abilities, Weirdness & Mutations

Your experience applies equally to all skills.
You have very sharp teeth.
Your uncanny sense of smell can sniff out nearby items.
Your mind is acute. (Int +2)
You are frail. (-10% HP)
Your muscles are strong. (Str +2)


Message History

Anything else - Cancel.
Retreat in which direction?
Press: ? - help, Dir - move target cursor Fall back!
Something hits your tormentor but does no damage.
Something hits your tormentor. x2
Something hits your tormentor but does no damage. x2
Something completely misses your tormentor. "Die, mortal!"
A Brimstone Fiend comes into view.
Your transformation is almost over.
Casting: Controlled Blink (dangerous; 21% risk of failure)
Confirm with . or Enter, or press ? or * to list all spells.
Aiming: Lesser Beckoning (safe; 0% risk of failure)
Press: ? - help, Shift-Dir - straight line, f - Brimstone Fiend
Aim: a Brimstone Fiend The Brimstone Fiend hurls suddenly forward!
The Brimstone Fiend gestures at you.
The sphere of damnation explodes!
The damnation engulfs you!!!
You die...

*,,,≈≈*#...###############
*,,,,≈*#...''.............
*,,,,≈*#...###############
*,,,≈≈*#...#*************#
*,,,≈≈*##'##*,,,,,,,,,,,,.
*,,,≈≈≈*#'#*,,,,,,,,,,,,,§
*,,,≈≈≈≈#.#,,,,,,,,,,,,,,§
*,,,,≈≈≈#.#,,,,,,,,,,,,≈≈≈
*,,,,≈≈≈#L#,,,,,,,,,,≈≈≈≈§
*,,,,,≈≈#1#,,,,,,,,≈≈≈≈≈≈≈
*,,,,,≈≈#.#,,,,,,,≈≈≈≈≈≈≈≈
**,,,,,≈#.#,,,,,,≈≈≈≈≈≈≈≈≈
*,,,,,≈#.#,,,,,≈≈≈≈≈≈≈≈≈≈
**,,,,,≈#Z#,,,,,≈≈≈*******
*,,,,,≈≈#.#,,,,≈≈≈≈*,,,,,,
*,,,,,≈≈#1#,,,,≈≈≈≈*,,,,,,
*,,,,,≈≈#.#...§§§≈≈*,,,,,,


You could see 2 Brimstone Fiends and a friendly stone giant zombie.

Vanquished Creatures
  Antaeus (Coc:7)
  4 ancient liches
  6 orbs of fire
  4 juggernauts
  A greater mummy (Crypt:3)
  the Lernaean hydra (Swamp:3)
  13 Killer Klowns
  10 shard shrikes
  Saint Roka (Depths:2)
  2 caustic shrikes (Depths:2)
  4 golden dragons
  2 curse toes
  Geryon (Hell)
  2 bone dragons (Coc:1)
  2 electric golems (Zot:5)
  5 liches
  14 Brimstone Fiends
  18 tentacled monstrosities
  Jorgrun (Spider:2)
  9 Ice Fiends
  22 Orb Guardians (Zot:5)
  Asterion (Depths:3)
  2 deep elf master archers (Elf:3)
  11 quicksilver dragons
  6 titans
  3 deep elf blademasters
  Murray (Hell)
  30 acid blobs
  Gastronok (D:11)
  5 sphinxes
  An Executioner (Abyss:2)
  7 death cobs
  2 ancient champions
  A thorn hunter (Swamp:3)
  4 draconian monks
  10 storm dragons
  11 shadow dragons
  7 tengu reavers
  Kirke (Swamp:1)
  Agnes (Elf:1)
  3 revenants
  13 azure jellies
  28 fire giants
  13 frost giants
  20 vault wardens
  Aizul (Spider:3)
  9 balrugs
  3 draconian knights (Zot:2)
  2 draconian shifters (Zot:4)
  Louise (Elf:1)
  5 ghost moths
  3 draconian scorchers
  2 cacodemons (Depths:3)
  3 deep elf elementalists
  8 emperor scorpions
  An orc warlord (Orc:2)
  8 deep elf sorcerers
  4 imperial myrmidons (Desolation)
  4 curse skulls
  A caustic shrike zombie (Hell)
  19 reapers
  3 draconian stormcallers
  The ghost of Syvvoagh the Eclecticist, an adept DENe of Kikubaaqudgha (Vaults:1)
  5 iron dragons
  6 ghouls (Crypt:2)
  13 ironheart preservers
  5 war gargoyles
  A spriggan defender (Depths:2)
  An elemental wellspring (Coc:3)
  4 draconian annihilators
  29 very ugly things
  3 entropy weavers
  3 green draconians
  8 vampire knights
  29 stone giants
  A halazid warlock (Desolation)
  9 deep elf annihilators
  A starcursed mass (Abyss:2)
  The ghost of Xerpheku Xera the Grappler, a journeyman TrMo of Ru (D:13)
  7 black draconians
  4 red draconians
  6 yellow draconians
  3 spark wasps
  15 purple draconians
  8 deep elf demonologists
  13 white draconians
  5 blizzard demons
  2 quicksilver dragon zombies
  8 eidola
  37 ettins
  Snorg (D:10)
  2 green deaths
  13 deep elf death magi
  2 merfolk javelineers (Depths:3)
  8 death oozes
  6 jiangshi
  Josephine (Swamp:1)
  A merfolk impaler (Depths:3)
  11 ragged hierophants (Desolation)
  11 fire dragons
  7 deep elf high priests
  17 yaktaur captains
  22 ice dragons
  2 crystal guardians (Desolation)
  17 great orbs of eyes
  11 rakshasas
  9 peacekeepers
  33 vault guards
  8 spriggan air magi
  A naga warrior (Abyss:2)
  26 hydras
  An anaconda (Swamp:3)
  6 quicksilver dragon skeletons
  7 servants of whispers
  Fannar (Orc:1)
  A shambling mangrove (Swamp:4)
  4 catoblepae
  6 centaur warriors
  A ghost crab (Swamp:4)
  49 two-headed ogres
  19 ogre magi
  7 alligators
  2 death knights
  26 dancing weapons
  13 hell hogs
  9 death yaks
  7 tengu warriors
  5 deep troll earth magi
  7 deep troll shamans
  3 vampire magi
  4 thrashing horrors (Abyss:2)
  42 hell knights
  14 deep elf knights
  Nergalle (Lair:2)
  Urug (Lair:5)
  2 storm dragon zombies
  8 spriggan berserkers
  2 iron golems (Hell)
  4 titan zombies
  An orc high priest (Orc:2)
  Sonja (Lair:2)
  9 sun demons
  13 soul eaters
  2 sixfirhies (Depths:3)
  A wretched star (Abyss:2)
  38 skeletal warriors
  4 titan skeletons
  5 iron trolls
  9 spriggans
  6 anaconda zombies
  3 spriggan druids
  A sea snake (shapeshifter) (Depths:5)
  5 flayed ghosts
  3 golden dragon zombies
  2 shadow wraiths
  A swamp dragon (shapeshifter) (Vaults:5)
  2 unseen horrors (Depths:4)
  A quicksilver dragon simulacrum (Hell)
  4 glowing orange brains
  13 deep elf archers
  20 ironbrand convokers
  3 storm dragon skeletons
  7 shadow dragon zombies
  A golden dragon skeleton (Coc:7)
  12 wizards
  19 deep trolls
  10 swamp dragons
  An obsidian statue (Zot:5)
  10 harpies
  A glowing orange brain (shapeshifter) (Depths:2)
  18 phantasmal warriors
  3 anaconda skeletons
  59 ugly things
  50 deep elf magi
  A mana viper (shapeshifter) (Vaults:4)
  A sphinx zombie (Hell)
  2 wolf spider zombies
  2 iron dragon zombies
  14 orc knights
  23 necromancers
  2 orc sorcerers (Orc:2)
  A shining eye (shapeshifter) (Depths:4)
  2 shadow dragon skeletons
  36 wolf spiders
  3 fire giant zombies
  20 orb spiders
  9 stone giant zombies
  5 frost giant zombies
  3 shining eyes
  23 moths of wrath
  4 cyclopes
  A worldbinder (Abyss:2)
  A salamander (Depths:4)
  4 iron dragon skeletons
  8 manticores
  A tengu skeleton (D:15)
  10 rust devils
  5 elephants (Lair:4)
  3 eyes of devastation
  5 stone giant skeletons
  Maurice (D:8)
  5 fire giant skeletons
  2 frost giant skeletons
  A sphinx skeleton (Crypt:1)
  A dire elephant zombie (Geh:7)
  2 spriggan zombies
  3 guardian serpents
  3 black mambas (shapeshifter)
  An orange demon (Abyss:2)
  An apocalypse crab (Abyss:2)
  Psyche (D:9)
  12 vault sentinels
  19 molten gargoyles
  3 torpor snails
  4 black mambas
  4 smoke demons
  A spiny frog (shapeshifter) (Vaults:5)
  4 gargoyles
  10 spiny frogs
  4 centaur skeletons
  3 shock serpent skeletons
  2 dire elephant skeletons
  2 emperor scorpion zombies
  8 hellions
  An alligator snapping turtle zombie (Crypt:1)
  3 rime drakes
  A rime drake (shapeshifter) (Vaults:1)
  A yaktaur zombie (Hell)
  Maggie (D:9)
  25 freezing wraiths
  5 komodo dragons
  An efreet (Geh:5)
  12 demonic crawlers
  2 elf zombies
  13 tormentors
  37 yaktaurs
  2 kobold demonologists (D:14)
  A grey draconian zombie (Crypt:2)
  2 golden dragon simulacra
  14 hellwings
  3 guardian mummies
  A red draconian skeleton (Coc:5)
  An anaconda simulacrum (Coc:1)
  3 harpy zombies
  A yellow draconian skeleton (Crypt:2)
  4 tengu conjurers
  12 hydra zombies
  28 ice devils
  22 red devils
  2 polar bears
  The ghost of psellion the Skirmisher, an amateur DsAK of Lugonu (D:5)
  39 jumping spiders
  A raiju (shapeshifter) (Depths:4)
  A meliai (shapeshifter) (Vaults:4)
  14 trolls
  21 tyrant leeches
  5 alligator zombies
  7 fire dragon zombies
  4 hydra skeletons
  3 ice dragon zombies
  4 harpy skeletons
  An iron dragon simulacrum (Coc:1)
  19 bog bodies
  A dream sheep (shapeshifter) (Depths:2)
  57 saltlings
  3 deep troll zombies
  9 blink frogs
  5 ettin zombies
  17 hornets
  16 dream sheep
  2 frost giant simulacra
  92 slime creatures
  6 hippogriffs
  Sigmund (D:4)
  4 fire dragon skeletons
  2 black mamba zombies
  5 alligator skeletons
  72 flying skulls
  7 ettin skeletons
  3 ice dragon skeletons
  27 tarantellas
  82 redbacks
  A redback (shapeshifter) (Vaults:5)
  23 wraiths
  A spriggan (shapeshifter) (Vaults:3)
  22 water elementals
  7 shadows
  73 yaks
  A wyvern (D:15)
  A hog (shapeshifter) (Vaults:2)
  3 black mamba skeletons
  An ushabti (Crypt:3)
  4 basilisks
  Grum (Lair:1)
  2 ynoxinuls (Depths:3)
  4 hogs (Swamp:1)
  7 hungry ghosts
  17 fire elementals
  The ghost of d64 the Skirmisher, an amateur DsBe of Trog (D:3)
  4 chaos spawn
  Eustachio (D:4)
  13 golden eyes
  3 neqoxecs (D:13)
  A steam dragon (D:9)
  22 vampire mosquitoes
  A swamp worm (shapeshifter) (Vaults:4)
  A harpy simulacrum (Coc:5)
  11 large abominations
  A soldier ant (shapeshifter) (Vaults:1)
  13 insubstantial wisps
  18 swamp worms
  10 wargs
  A gelid demonspawn zombie (Crypt:2)
  2 hydra simulacra
  3 acid dragons
  13 hell hounds
  A porcupine (shapeshifter) (Elf:1)
  The ghost of Amnesiac the Chiller, an amateur DEIE (D:4)
  6 spiny frog zombies
  3 floating eyes
  6 porcupines
  10 water moccasins
  A swamp drake (shapeshifter) (Vaults:5)
  A torturous demonspawn skeleton (Crypt:1)
  55 orc warriors
  12 ice beasts
  6 sky beasts
  3 phantoms
  2 hornet zombies
  14 swamp drakes
  4 spiny frog skeletons
  A manticore zombie (Coc:3)
  3 black bears
  9 necrophages
  3 snapping turtle zombies
  An alligator simulacrum (Hell)
  A swamp dragon zombie (Swamp:4)
  10 eyes of draining
  An eye of draining (shapeshifter) (Depths:1)
  A fire dragon simulacrum (Crypt:1)
  42 ogres
  7 wolves
  21 boggarts
  6 centaurs
  2 snapping turtle skeletons
  11 crocodiles
  2 manticore skeletons
  13 small abominations
  10 bullfrogs
  5 earth elementals
  A draconian skeleton (Crypt:2)
  An elf skeleton (Geh:4)
  2 spiny frog simulacra
  A gnoll sergeant (D:7)
  8 wyvern skeletons (Crypt:3)
  8 scorpions
  A snapping turtle simulacrum (Coc:5)
  3 tengu zombies (Hell)
  A troll skeleton (Geh:7)
  6 killer bees (D:8)
  43 wights
  A spriggan skeleton (Geh:5)
  3 howler monkeys
  4 electric eels
  10 crimson imps
  4 centaur zombies
  A human zombie (Geh:7)
  4 quasits (D:13)
  2 bullfrog zombies
  8 hounds
  20 orc priests
  A hound (shapeshifter) (Vaults:5)
  9 jellies
  A bullfrog skeleton (D:8)
  36 orc wizards
  2 human skeletons
  An iguana (D:8)
  9 worker ants
  An ogre zombie (Crypt:3)
  A crocodile zombie (Swamp:4)
  A hound zombie (D:4)
  5 mummies
  4 hound skeletons
  A worker ant zombie (D:5)
  17 adders
  7 gnolls
  An ogre simulacrum (Coc:5)
  A swamp drake zombie (Swamp:4)
  3 shadow imps
  13 white imps
  6 oozes
  An adder zombie (D:4)
  A halfling zombie (Crypt:1)
  An adder skeleton (D:4)
  7 worms
  A dart slug (D:4)
  5 leopard geckos
  113 orcs
  3 ball pythons
  7 bats
  4 giant cockroaches
  10 goblins
  8 hobgoblins
  24 jackals
  4 quokkas
  A ball python zombie (Crypt:2)
  A dart slug zombie (Crypt:2)
  7 frilled lizards
  A frilled lizard (shapeshifter) (Elf:2)
  A jackal zombie (Crypt:2)
  9 kobolds
  2 leopard gecko skeletons
  2 orc skeletons
  An orc zombie (Crypt:3)
  A quokka skeleton (D:5)
  2 quokka zombies
  11 rats
  A rat skeleton (Crypt:1)
  3 crawling corpses (Vaults:5)
  9 withered plants (Crypt:3)
3478 creatures vanquished.

Vanquished Creatures (collateral kills)
  the Royal Jelly (Slime:5)
  2 Killer Klowns
  2 tentacled monstrosities
  A lich (Depths:5)
  3 Orb Guardians (Zot:5)
  An acid blob (Slime:5)
  2 shadow dragons (Depths:5)
  A storm dragon (Depths:5)
  A storm dragon (shapeshifter) (Depths:5)
  An azure jelly (Slime:5)
  2 fire giants
  3 frost giants
  A ghost moth (Zot:2)
  An iron dragon (Depths:5)
  A spriggan defender (Depths:3)
  A draconian shifter (Zot:4)
  An ironheart preserver (Vaults:5)
  4 stone giants
  A vampire knight (Depths:4)
  2 very ugly things (Depths:5)
  A green draconian (Depths:5)
  A white draconian (Zot:2)
  A red draconian (Zot:3)
  A yellow draconian (Zot:2)
  4 ettins
  A deep elf death mage (Depths:4)
  A quicksilver dragon zombie (Coc:7)
  A deep elf high priest (Vaults:5)
  A fire dragon (Depths:5)
  An ogre mage (Depths:4)
  A yaktaur captain (Depths:5)
  An ice dragon (Depths:4)
  A catoblepas (Depths:4)
  A spriggan air mage (Depths:5)
  4 two-headed ogres
  4 death yaks (Depths:4)
  A centaur warrior (Depths:3)
  4 deep troll earth magi
  2 deep troll shamans (Depths:5)
  A tengu warrior (Depths:4)
  A hell knight (Hell)
  A spriggan (Depths:3)
  4 iron trolls (Zot:1)
  A large abomination (Depths:4)
  2 flayed ghosts (Depths:5)
  5 deep trolls
  A necromancer (Hell)
  2 ugly things (Depths:5)
  5 moths of wrath
  2 efreet (Zot:1)
  3 yaktaurs
  An ice devil (Coc:7)
  A red devil (Depths:3)
  A tengu conjurer (Depths:4)
  A hornet (Depths:3)
  2 trolls (Zot:1)
  A dream sheep (shapeshifter) (Depths:5)
  2 bog bodies (Coc:7)
  A slime creature (Depths:3)
  An alligator zombie (Coc:7)
  A water elemental (Depths:3)
  A golden eye (shapeshifter) (Vaults:5)
  4 ogres
  2 boggarts (Depths:4)
  A cyclops zombie (Depths:4)
  A white imp (Coc:7)
  A plant (Depths:4)
114 creatures vanquished.

Vanquished Creatures (others)
  A tentacled monstrosity (Zot:4)
  A draconian knight (Zot:5)
  A vault warden (Vaults:2)
  A draconian shifter (Zot:2)
  4 elemental wellsprings
  A vampire knight (Depths:3)
  A white draconian (Zot:2)
  A blizzard demon (Hell)
  A centaur warrior (D:14)
  2 deep elf knights
  A sun demon (Geh:7)
  A deep troll (Depths:4)
  A deep elf archer (Elf:1)
  A necromancer (Hell)
  An anaconda skeleton (Geh:7)
  A deep elf mage (Elf:1)
  A moth of wrath (Zot:1)
  5 yaktaurs (Vaults:2)
  A tyrant leech (Swamp:3)
  A slime creature (Slime:5)
  A hog (Swamp:1)
  A human (Swamp:1)
  2 wraiths (Geh:7)
  A hungry ghost (Coc:7)
  A gelid demonspawn zombie (Geh:5)
  A black bear (shapeshifter) (Vaults:5)
  An ogre (Vaults:5)
  3 boggarts
  A snapping turtle skeleton (Geh:7)
  A wight (Geh:5)
  A gnoll (D:9)
  3 orcs
  A quokka (D:9)
  10 fungi
  15 plants
  7 withered plants
78 creatures vanquished.

Grand Total: 3670 creatures vanquished

Notes
Turn   | Place    | Note
-------+----------+-------------------------------------------
     0 | D:1      | grindst0ne the Gnoll Wanderer began the quest for the Orb.
     0 | D:1      | grindst0ne set off with the following items: a +2 hand axe,
                  | a potion of lignification, a potion of curing, a +0 robe, a
                  | ration
     0 | D:1      | Reached XP level 1. HP: 23/23 MP: 3/3
    74 | D:1      | Reached XP level 2. HP: 20/29 MP: 5/5
   559 | D:1      | Reached XP level 3. HP: 33/35 MP: 6/6
  1102 | D:2      | Reached skill level 1 in Invocations
  1372 | D:2      | Reached skill level 1 in Short Blades
  1372 | D:2      | Reached skill level 1 in Long Blades
  1372 | D:2      | Reached skill level 1 in Maces & Flails
  1372 | D:2      | Reached skill level 1 in Polearms
  1372 | D:2      | Reached skill level 1 in Staves
  1372 | D:2      | Reached skill level 1 in Slings
  1372 | D:2      | Reached skill level 1 in Bows
  1372 | D:2      | Reached skill level 1 in Crossbows
  1372 | D:2      | Reached skill level 1 in Throwing
  1372 | D:2      | Reached skill level 1 in Dodging
  1372 | D:2      | Reached skill level 1 in Stealth
  1372 | D:2      | Reached skill level 1 in Shields
  1372 | D:2      | Reached skill level 1 in Spellcasting
  1408 | D:2      | Reached XP level 4. HP: 41/41 MP: 7/7
  1816 | D:3      | Reached skill level 1 in Conjurations
  1816 | D:3      | Reached skill level 1 in Hexes
  1816 | D:3      | Reached skill level 1 in Charms
  1816 | D:3      | Reached skill level 1 in Summonings
  1816 | D:3      | Reached skill level 1 in Necromancy
  1816 | D:3      | Reached skill level 1 in Translocations
  1816 | D:3      | Reached skill level 1 in Transmutations
  1816 | D:3      | Reached skill level 1 in Fire Magic
  1816 | D:3      | Reached skill level 1 in Ice Magic
  1816 | D:3      | Reached skill level 1 in Air Magic
  1816 | D:3      | Reached skill level 1 in Earth Magic
  1816 | D:3      | Reached skill level 1 in Poison Magic
  1954 | D:3      | Found a runed translucent gate.
  1954 | D:3      | Found a runed translucent gate.
  1954 | D:3      | Found a runed translucent gate.
  1957 | D:3      | Noticed d64's ghost (amateur DsBe)
  1958 | D:3      | Identified the +11 short sword "Qoclumoo" {flame, +Fly
                  | rElec rPois}
  1961 | D:3      | Found a roughly hewn altar of Beogh.
  2112 | D:3      | Reached XP level 5. HP: 27/47 MP: 8/8
  2127 | D:3      | Found a bloodstained altar of Trog.
  2685 | D:4      | Noticed Sigmund
  2698 | D:4      | Killed Sigmund
  2698 | D:4      | Reached skill level 2 in Invocations
  2698 | D:4      | Reached XP level 6. HP: 46/53 MP: 9/9
  2770 | D:4      | Found a transporter.
  2896 | D:4      | Reached skill level 5 in Evocations
  2918 | D:4      | Noticed Eustachio
  2934 | D:4      | Reached skill level 5 in Armour
  2934 | D:4      | Reached skill level 5 in Unarmed Combat
  2934 | D:4      | Reached skill level 5 in Invocations
  2934 | D:4      | Reached XP level 7. HP: 51/62 MP: 9/14
  3226 | D:4      | Killed Eustachio
  3585 | D:4      | Found a transporter.
  3585 | D:4      | Noticed Amnesiac's ghost (amateur DEIE)
  4087 | D:5      | Entered Level 5 of the Dungeon
  4143 | D:5      | Reached XP level 8. HP: 63/68 MP: 15/15
  4180 | D:5      | Reached skill level 5 in Short Blades
  4180 | D:5      | Reached skill level 5 in Long Blades
  4180 | D:5      | Reached skill level 5 in Maces & Flails
  4180 | D:5      | Reached skill level 5 in Polearms
  4180 | D:5      | Reached skill level 5 in Staves
  4180 | D:5      | Reached skill level 5 in Slings
  4180 | D:5      | Reached skill level 5 in Bows
  4180 | D:5      | Reached skill level 5 in Crossbows
  4180 | D:5      | Reached skill level 5 in Throwing
  4180 | D:5      | Reached skill level 5 in Dodging
  4180 | D:5      | Reached skill level 5 in Stealth
  4180 | D:5      | Reached skill level 5 in Shields
  4180 | D:5      | Reached skill level 5 in Spellcasting
  4663 | D:5      | Found a shattered altar of Ashenzari.
  4679 | D:5      | Found a runed translucent door.
  4679 | D:5      | Noticed psellion's ghost (amateur DsAK)
  4758 | D:5      | Found a shimmering blue altar of Sif Muna.
  5082 | D:5      | Found a sacrificial altar of Ru.
  5236 | D:5      | Reached XP level 9. HP: 75/75 MP: 16/16
  5904 | D:6      | Found a glowing silver altar of Zin.
  6437 | D:7      | Found a staircase to the Ecumenical Temple.
  6459 | Temple   | Entered the Ecumenical Temple
  6563 | Temple   | Became a worshipper of Cheibriados the Contemplative
  6860 | D:7      | Reached skill level 6 in Invocations
  7572 | D:7      | Found a burning altar of Makhleb.
  7584 | D:7      | Reached * piety under Cheibriados
  7852 | D:8      | Reached XP level 10. HP: 82/82 MP: 18/18
  8142 | D:8      | Noticed a two-headed ogre
  8156 | D:8      | Killed a two-headed ogre
  8161 | D:8      | Reached ** piety under Cheibriados
  8490 | D:8      | Got a dazzling spear
  8491 | D:8      | Identified the +9 spear "Yraoquwk" {flame, Dex+4} (You
                  | found it on level 8 of the Dungeon)
  9344 | D:5      | Killed psellion's ghost
  9344 | D:5      | Reached skill level 5 in Conjurations
  9344 | D:5      | Reached skill level 5 in Hexes
  9344 | D:5      | Reached skill level 5 in Charms
  9344 | D:5      | Reached skill level 5 in Summonings
  9344 | D:5      | Reached skill level 5 in Necromancy
  9344 | D:5      | Reached skill level 5 in Translocations
  9344 | D:5      | Reached skill level 5 in Transmutations
  9344 | D:5      | Reached skill level 5 in Fire Magic
  9344 | D:5      | Reached skill level 5 in Ice Magic
  9344 | D:5      | Reached skill level 5 in Air Magic
  9344 | D:5      | Reached skill level 5 in Earth Magic
  9344 | D:5      | Reached skill level 5 in Poison Magic
  9444 | D:4      | Killed Amnesiac's ghost
  9513 | D:3      | Killed d64's ghost
  9810 | D:9      | Noticed Maurice
  9822 | D:8      | Reached *** piety under Cheibriados
 10198 | D:8      | HP: 4/83 [acid (11)]
 10217 | D:8      | Killed Maurice
 10668 | D:9      | Noticed Maggie
 10671 | D:9      | Found a staircase to the Orcish Mines.
 10680 | D:9      | Killed Maggie
 10680 | D:9      | Reached XP level 11. HP: 79/89 MP: 20/20
 10721 | D:9      | Noticed a two-headed ogre
 10728 | D:9      | Killed a two-headed ogre
 10798 | D:9      | Noticed a two-headed ogre
 10811 | D:9      | Noticed a two-headed ogre
 10820 | D:9      | Killed a two-headed ogre
 10820 | D:9      | Reached skill level 7 in Invocations
 10828 | D:9      | Killed a two-headed ogre
 11158 | D:9      | Noticed Psyche
 11184 | D:9      | Killed Psyche
 11217 | D:9      | Learned a level 4 spell: Summon Lightning Spire
 11245 | D:9      | Noticed a wizard
 11256 | D:9      | Killed a wizard
 11256 | D:9      | Reached **** piety under Cheibriados
 11605 | D:10     | Entered Level 10 of the Dungeon
 11890 | D:10     | Reached ***** piety under Cheibriados
 12228 | D:10     | Noticed a two-headed ogre
 12247 | D:10     | Killed a two-headed ogre
 12254 | D:10     | Reached XP level 12. HP: 62/97 MP: 14/22
 12277 | D:10     | Noticed a two-headed ogre
 12289 | D:10     | Killed a two-headed ogre
 12522 | D:10     | Noticed Snorg
 12529 | D:10     | Killed Snorg
 12529 | D:10     | Reached skill level 8 in Invocations
 12960 | D:11     | Noticed Gastronok
 12967 | D:11     | Killed Gastronok
 12967 | D:11     | Reached skill level 10 in Fighting
 12967 | D:11     | Reached skill level 10 in Axes
 13321 | D:11     | Found a staircase to the Lair.
 13669 | D:12     | Found Utocs's Antique Armour Boutique.
 13677 | D:12     | Bought a bloodstained helmet for 304 gold pieces
 13687 | D:12     | Identified the cursed -3 helmet "Atasicle" {Str+6 Int-4
                  | Dex+5} (You bought it in a shop on level 12 of the Dungeon)
 13746 | Lair:1   | Entered Level 1 of the Lair of Beasts
 13927 | Lair:1   | Got a faintly humming leather armour
 13935 | Lair:1   | Noticed Grum
 13945 | Lair:1   | Killed Grum
 13970 | Lair:1   | Identified the cursed +0 leather armour of Focus {rC+} (You
                  | found it on level 1 of the Lair of Beasts)
 14590 | Lair:2   | Noticed Nergalle
 14600 | Lair:2   | Killed Nergalle
 14745 | Lair:2   | Reached XP level 13. HP: 102/103 MP: 24/24
 15097 | Lair:2   | Noticed Sonja
 15108 | Lair:2   | Killed Sonja
 15606 | Lair:3   | Identified Sif Muna's Tome of Ignition
 15618 | Lair:3   | Found a staircase to the Swamp.
 15784 | Lair:3   | Reached skill level 9 in Invocations
 16107 | Lair:3   | Found a hole to the Spider Nest.
 16659 | Lair:4   | Reached ****** piety under Cheibriados
 17777 | Lair:5   | Noticed Urug
 17866 | Lair:5   | Killed Urug
 18682 | Lair:5   | Found a staircase to the Slime Pits.
 19066 | Lair:6   | Entered Level 6 of the Lair of Beasts
 19276 | Lair:6   | Reached XP level 14. HP: 111/111 MP: 26/26
 19469 | Lair:6   | Reached skill level 10 in Evocations
 20453 | Lair:6   | Reached skill level 10 in Invocations
 22635 | D:13     | Found a transporter.
 22638 | D:13     | Noticed Xerpheku Xera's ghost (journeyman TrMo)
 22655 | D:13     | Found a transporter.
 22659 | D:13     | Gained mutation: Your magical capacity is low. (-10% MP) [a
                  | neqoxec]
 22664 | D:13     | Killed Xerpheku Xera's ghost
 22682 | D:13     | Got the ring "Seuliop" {Dex-3}
 22687 | D:13     | Got a pair of faintly glowing boots
 22701 | D:13     | Identified the cursed +0 pair of boots "Ibbuytar" {rPois
                  | Str+8 Dex+3} (You found it on level 13 of the Dungeon)
 22703 | D:13     | Identified the cursed ring "Seuliop" {rElec rF+ Str+4
                  | Dex-3} (You found it on level 13 of the Dungeon)
 23643 | D:14     | Found a shattered altar of Ashenzari.
 23682 | D:14     | Reached skill level 10 in Armour
 23682 | D:14     | Reached skill level 10 in Unarmed Combat
 23693 | D:14     | Reached XP level 15. HP: 109/119 MP: 25/25
 24099 | D:14     | Got a warped spear
 24100 | D:14     | Identified the +7 spear of False Accusations {vorpal, MP+9}
                  | (You found it on level 14 of the Dungeon)
 24466 | D:14     | Found a gate to the Vaults.
 24753 | D:15     | Entered Level 15 of the Dungeon
 24861 | D:15     | Found a staircase to the Depths.
 25234 | D:15     | Reached skill level 10 in Short Blades
 25234 | D:15     | Reached skill level 10 in Long Blades
 25234 | D:15     | Reached skill level 10 in Maces & Flails
 25234 | D:15     | Reached skill level 10 in Polearms
 25234 | D:15     | Reached skill level 10 in Staves
 25234 | D:15     | Reached skill level 10 in Slings
 25234 | D:15     | Reached skill level 10 in Bows
 25234 | D:15     | Reached skill level 10 in Crossbows
 25234 | D:15     | Reached skill level 10 in Throwing
 25234 | D:15     | Reached skill level 10 in Dodging
 25234 | D:15     | Reached skill level 10 in Stealth
 25234 | D:15     | Reached skill level 10 in Shields
 25234 | D:15     | Reached skill level 10 in Spellcasting
 25750 | Orc:1    | Entered Level 1 of the Orcish Mines
 26172 | Orc:1    | Noticed Fannar
 26183 | Orc:1    | Killed Fannar
 26447 | Orc:2    | Entered Level 2 of the Orcish Mines
 26447 | Orc:2    | Found a staircase to the Elven Halls.
 26916 | Orc:2    | Noticed an orc warlord
 26949 | Orc:2    | Killed an orc warlord
 26953 | Orc:2    | Paralysed by an orc sorcerer for 2 turns
 26966 | Orc:2    | Reached skill level 11 in Invocations
 27400 | Orc:2    | Found a roughly hewn altar of Beogh.
 27450 | Orc:2    | Found Onotruo's Antique Weapon Shop.
 27704 | Orc:2    | Found Pireqy's General Store.
 27798 | Orc:2    | Found a roughly hewn altar of Beogh.
 28240 | Orc:2    | Found Zeirpho's Antique Armour Shop.
 28247 | Orc:2    | Bought a warped hat for 216 gold pieces
 28247 | Orc:2    | Bought a pair of smoking boots for 228 gold pieces
 28257 | Orc:2    | Identified the cursed +0 pair of boots "Geicki" {rElec
                  | Stlth+} (You bought it in a shop on level 2 of the Orcish
                  | Mines)
 28279 | Orc:2    | Identified the +4 hat of the Armadillo {rF+ rN+ rCorr
                  | Dex+4} (You bought it in a shop on level 2 of the Orcish
                  | Mines)
 28302 | Orc:2    | Found Xusyakh's Book Shop.
 28308 | Orc:2    | Bought a book of the Warp for 1350 gold pieces
 28317 | Orc:2    | Learned a level 8 spell: Controlled Blink
 28428 | Elf:1    | Entered Level 1 of the Elven Halls
 28568 | Elf:1    | Noticed a deep elf sorcerer
 28580 | Elf:1    | Killed a deep elf sorcerer
 28629 | Elf:1    | Reached XP level 16. HP: 127/127 MP: 27/27
 28849 | Swamp:1  | Entered Level 1 of the Swamp
 28992 | Swamp:1  | Noticed a sphinx
 29398 | Swamp:1  | Noticed Josephine
 29414 | Swamp:1  | Killed Josephine
 29578 | Swamp:1  | Noticed Kirke
 29599 | Swamp:1  | Killed Kirke
 31286 | Swamp:3  | Noticed a thorn hunter
 31302 | Swamp:3  | Killed a thorn hunter
 32519 | Swamp:4  | Entered Level 4 of the Swamp
 32705 | Swamp:4  | Noticed the 27-headed Lernaean hydra
 32872 | Swamp:3  | Killed the 27-headed Lernaean hydra
 32872 | Swamp:3  | Reached skill level 12 in Invocations
 32872 | Swamp:3  | Reached XP level 17. HP: 101/135 MP: 27/28
 33010 | Swamp:4  | Got a decaying rune of Zot
 33994 | Spider:1 | Entered Level 1 of the Spider Nest
 35194 | Spider:2 | Noticed Jorgrun
 35204 | Spider:2 | Killed Jorgrun
 36029 | Spider:2 | Reached skill level 10 in Conjurations
 36029 | Spider:2 | Reached skill level 10 in Hexes
 36029 | Spider:2 | Reached skill level 10 in Charms
 36029 | Spider:2 | Reached skill level 10 in Summonings
 36029 | Spider:2 | Reached skill level 10 in Necromancy
 36029 | Spider:2 | Reached skill level 10 in Translocations
 36029 | Spider:2 | Reached skill level 10 in Transmutations
 36029 | Spider:2 | Reached skill level 10 in Fire Magic
 36029 | Spider:2 | Reached skill level 10 in Ice Magic
 36029 | Spider:2 | Reached skill level 10 in Air Magic
 36029 | Spider:2 | Reached skill level 10 in Earth Magic
 36029 | Spider:2 | Reached skill level 10 in Poison Magic
 36805 | Spider:3 | Reached XP level 18. HP: 143/143 MP: 30/30
 37346 | Spider:3 | Noticed Aizul
 37365 | Spider:3 | Killed Aizul
 37533 | Spider:4 | Entered Level 4 of the Spider Nest
 38192 | Spider:4 | Reached skill level 13 in Invocations
 38333 | Spider:4 | Learned a level 3 spell: Lesser Beckoning
 38520 | Spider:4 | Got a pitted dire flail
 38624 | Spider:4 | Identified the +1 dire flail of Instinct {vorpal, Str+3
                  | Stlth+} (You found it on level 4 of the Spider Nest)
 39188 | Spider:4 | Got a gossamer rune of Zot
 39644 | Depths:1 | Entered Level 1 of the Depths
 40741 | Depths:1 | Cast into level 2 of the Abyss (a wizard)
 40833 | Abyss:2  | Reached XP level 19. HP: 120/120 MP: 31/31
 41302 | Depths:1 | Escaped the Abyss
 42392 | Depths:1 | Found a gateway to a ziggurat.
 42853 | Depths:1 | Found a viscous altar of Jiyva.
 43101 | Depths:1 | Found a gateway to Hell.
 43358 | Depths:2 | Noticed a lich
 43359 | Depths:2 | Paralysed by a floating eye for 2 turns
 43374 | Depths:2 | Killed a lich
 43495 | Depths:2 | Learned a level 2 spell: Song of Slaying
 43523 | Depths:2 | Found a runed translucent door.
 43524 | Depths:2 | Noticed a tentacled monstrosity
 43567 | Depths:2 | Identified the cursed +0 dagger of War {elec, Int+3}
 43584 | Depths:2 | Reached skill level 14 in Invocations
 43594 | Depths:2 | Reached XP level 20. HP: 49/159 MP: 33/33
 43676 | Depths:2 | Paralysed by a great orb of eyes for 4 turns
 44376 | Depths:2 | Noticed a caustic shrike
 44380 | Depths:2 | Killed a caustic shrike
 44702 | Depths:2 | Noticed a caustic shrike
 44723 | Depths:2 | Killed a caustic shrike
 44871 | Depths:2 | HP: 6/160 [stone giant (24)]
 45551 | Depths:2 | Found a one-way gate to the infinite horrors of the Abyss.
 46517 | Depths:2 | Noticed Saint Roka
 46528 | Depths:2 | Reached XP level 21. HP: 111/166 MP: 34/34
 46579 | Depths:2 | HP: 8/166 [death yak[a spriggan berserker] (29)]
 46580 | Depths:2 | HP: 2/166 [Saint Roka/divine providence (11)]
 47606 | Depths:2 | Killed Saint Roka
 48050 | Depths:2 | Found a burning altar of Makhleb.
 48080 | Depths:2 | Noticed a juggernaut
 48455 | Depths:2 | Killed a juggernaut
 48720 | Depths:2 | Reached skill level 15 in Fighting
 48720 | Depths:2 | Reached skill level 15 in Axes
 49025 | Depths:2 | Found a runed translucent door.
 49025 | Depths:2 | Found a runed translucent door.
 49210 | Depths:2 | Reached skill level 15 in Invocations
 49498 | Depths:2 | Identified the Papyrus of Glacial Stolen Souls
 49931 | Vaults:1 | Entered Level 1 of the Vaults
 50387 | Vaults:1 | Found Jariaveb's Assorted Antiques.
 51014 | Vaults:1 | Found a runed translucent door.
 51014 | Vaults:1 | Noticed Syvvoagh's ghost (adept DENe)
 51159 | Vaults:1 | Killed Syvvoagh's ghost
 51171 | Vaults:1 | Got a pitted ivory amulet
 51175 | Vaults:1 | Identified the amulet of Yendor {Inacc Int+6} (You found it
                  | on level 1 of the Vaults)
 51357 | Vaults:2 | Found a huge runed gate.
 51357 | Vaults:2 | Found a huge runed gate.
 51357 | Vaults:2 | Found a huge runed gate.
 51357 | Vaults:2 | Found a huge runed gate.
 51357 | Vaults:2 | Found a huge runed gate.
 51358 | Vaults:2 | Found a huge runed gate.
 51358 | Vaults:2 | Found a huge runed gate.
 51358 | Vaults:2 | Found a huge runed gate.
 51358 | Vaults:2 | Found a huge runed gate.
 51358 | Vaults:2 | Found a huge runed gate.
 51359 | Vaults:2 | Found a huge runed gate.
 51360 | Vaults:2 | Found a huge runed gate.
 51361 | Vaults:2 | Found a huge runed gate.
 51362 | Vaults:2 | Found a huge runed gate.
 51363 | Vaults:2 | Found a huge runed gate.
 51371 | Vaults:2 | Found a huge runed gate.
 51371 | Vaults:2 | Found a huge runed gate.
 51371 | Vaults:2 | Found a huge runed gate.
 51371 | Vaults:2 | Found a huge runed gate.
 51371 | Vaults:2 | Found a huge runed gate.
 51371 | Vaults:2 | Found a huge runed gate.
 51372 | Vaults:2 | Found a huge runed gate.
 51373 | Vaults:2 | Found a huge runed gate.
 51374 | Vaults:2 | Found a huge runed gate.
 51383 | Vaults:2 | Found a huge runed gate.
 51383 | Vaults:2 | Found a huge runed gate.
 51383 | Vaults:2 | Found a huge runed gate.
 51383 | Vaults:2 | Found a huge runed gate.
 51383 | Vaults:2 | Found a huge runed gate.
 51383 | Vaults:2 | Found a huge runed gate.
 51384 | Vaults:2 | Found a huge runed gate.
 51385 | Vaults:2 | Found a huge runed gate.
 51386 | Vaults:2 | Found a huge runed gate.
 51394 | Vaults:2 | Found a huge runed gate.
 51394 | Vaults:2 | Found a huge runed gate.
 51394 | Vaults:2 | Found a huge runed gate.
 51462 | Vaults:2 | Learned a level 2 spell: Sublimation of Blood
 51469 | Vaults:2 | Learned a level 6 spell: Death Channel
 51569 | Vaults:2 | Found a flickering gateway to a bazaar.
 51578 | Bazaar   | Entered a bazaar
 51578 | Bazaar   | Found Coxyam's Armour Shop.
 51578 | Bazaar   | Found Nuwoke's Weapon Boutique.
 51578 | Bazaar   | Found Xahefyog's Antique Weapon Boutique.
 51578 | Bazaar   | Found Byuc's Book Shop.
 51646 | Bazaar   | Bought a +1 kite shield of positive energy for 135 gold
                  | pieces
 51650 | Bazaar   | Bought a book of Minor Magic for 240 gold pieces
 51653 | Bazaar   | Learned a level 2 spell: Blink
 51748 | Vaults:2 | Reached XP level 22. HP: 175/175 MP: 36/36
 52724 | Vaults:2 | Found a burning altar of Makhleb.
 53307 | Vaults:2 | Paralysed by a floating eye for 4 turns
 53928 | Orc:2    | Bought a warped lajatang for 340 gold pieces
 53928 | Orc:2    | Identified the +1 lajatang of Hemiruc {elec, Dex+4} (You
                  | bought it in a shop on level 2 of the Orcish Mines)
 53990 | Elf:1    | Noticed Agnes
 53999 | Elf:1    | Killed Agnes
 54032 | Elf:1    | Reached skill level 15 in Evocations
 54077 | Elf:1    | Noticed Louise
 54087 | Elf:1    | Killed Louise
 54230 | Elf:1    | Found Guures's Assorted Antiques.
 54676 | Elf:2    | Found a runed translucent gate.
 54690 | Elf:2    | Found a runed translucent gate.
 54691 | Elf:2    | Found a runed translucent gate.
 56153 | Elf:3    | Entered Level 3 of the Elven Halls
 56329 | Elf:3    | Reached XP level 23. HP: 183/183 MP: 37/37
 56837 | Elf:3    | Reached skill level 15 in Armour
 56837 | Elf:3    | Reached skill level 15 in Unarmed Combat
 56839 | Elf:3    | Reached skill level 16 in Invocations
 56839 | Elf:3    | Identified the +5 flail of Voriuth {freeze, rF+++ Str+5
                  | Int-3 Stlth-}
 56874 | Elf:3    | Identified the cursed +0 dagger "Cushro Udufen" {drain,
                  | Str+4}
 56892 | Elf:3    | Reached skill level 15 in Short Blades
 56892 | Elf:3    | Reached skill level 15 in Long Blades
 56892 | Elf:3    | Reached skill level 15 in Maces & Flails
 56892 | Elf:3    | Reached skill level 15 in Polearms
 56892 | Elf:3    | Reached skill level 15 in Staves
 56892 | Elf:3    | Reached skill level 15 in Slings
 56892 | Elf:3    | Reached skill level 15 in Bows
 56892 | Elf:3    | Reached skill level 15 in Crossbows
 56892 | Elf:3    | Reached skill level 15 in Throwing
 56892 | Elf:3    | Reached skill level 15 in Dodging
 56892 | Elf:3    | Reached skill level 15 in Stealth
 56892 | Elf:3    | Reached skill level 15 in Shields
 56892 | Elf:3    | Reached skill level 15 in Spellcasting
 57283 | Elf:3    | Found the +2 hat of the Bear Spirit {Spirit, +Rage rN+
                  | MR++}
 57305 | Elf:3    | Identified the +7 hand axe of Overwhelming Force {freeze,
                  | Fragile rF++ Str+3}
 57319 | Elf:3    | Identified the Collected Works on Captivating Companions
 57344 | Elf:3    | Identified the Disquisition on Summoning and Feathers
 58343 | Vaults:3 | Found a portal to a secret trove of treasure.
 58706 | Vaults:3 | Found a staircase to the Crypt.
 59619 | Vaults:4 | Found a flickering gateway to a bazaar.
 59624 | Bazaar   | Entered a bazaar
 59722 | Bazaar   | Found Efotaf's Jewellery Shoppe.
 59730 | Bazaar   | Found Neshy's Antique Weapon Shop.
 59771 | Bazaar   | Found Gev Jola's Weapon Emporium.
 59779 | Bazaar   | Found Huyrotar's Weapon Boutique.
 59842 | Bazaar   | Bought the amulet "Lonemmurph" {Faith rPois MR++ Str+2
                  | Stlth-} for 811 gold pieces
 59930 | Vaults:4 | Found a ruined gateway.
 59935 | Desolati | Entered the Desolation of Salt
 59951 | Desolati | Found the +0 sword of Power
 59964 | Desolati | Reached XP level 24. HP: 158/191 MP: 38/38
 59968 | Desolati | Identified the Catalogue of Calling and Aid
 60002 | Desolati | Identified the ring "Oxkyrgh" {rN++ Dex+2} (You found it in
                  | the Desolation of Salt)
 60017 | Desolati | Identified the Disquisition on Fetching Transmutation
 60215 | Desolati | Got a glittering ivory ring
 60219 | Desolati | Identified the ring "Hoamnoff" {Wiz rC+ rN+} (You found it
                  | in the Desolation of Salt)
 60220 | Desolati | Identified the ring "Ysaoth" {+Fly rElec rF+ Str-5 Dex+2}
                  | (You found it in the Desolation of Salt)
 60229 | Desolati | Got a fine bone ring
 60230 | Desolati | Identified the ring of Jazaopp {Wiz +Blink rC+ MP+9} (You
                  | found it in the Desolation of Salt)
 60512 | Desolati | Got a slimy copper ring
 60513 | Desolati | Identified the ring "Reroh" {rPois rF- rC+++ Int+3 Dex-4}
                  | (You found it in the Desolation of Salt)
 60520 | Desolati | Identified the +0 pair of gloves of Hysteria {rElec Str+2
                  | Dex+4} (You found it in the Desolation of Salt)
 60528 | Desolati | Identified the +5 broad axe "Hydrabane" {drain, rPois rF+
                  | MR+ Dex-3} (You found it in the Desolation of Salt)
 62167 | Vaults:5 | Entered Level 5 of the Vaults
 62185 | Vaults:5 | Reached skill level 17 in Invocations
 62231 | Vaults:4 | Reached XP level 25. HP: 178/200 MP: 38/38
 63490 | Vaults:5 | Got a silver rune of Zot
 63704 | Vaults:5 | Identified the ring of Huedud {Fire +Inv rElec}
 63759 | Vaults:5 | Found Nowe's Book Shoppe.
 63764 | Vaults:5 | Identified the Guide on Arcane Weapons
 63770 | Vaults:5 | Identified the +10 plate armour of the Armadillo {-Tele
                  | Str+2 Stlth+} (You found it on level 5 of the Vaults)
 63778 | Vaults:5 | Identified the Tome of Curses
 64735 | Depths:2 | Reached XP level 26. HP: 145/208 MP: 36/39
 64965 | Depths:3 | Noticed Asterion
 65023 | Depths:3 | Killed Asterion
 65840 | Depths:3 | You fall into a shaft and drop 2 floors!
 65840 | Depths:5 | Entered Level 5 of the Depths
 65884 | Depths:5 | Noticed a juggernaut
 65889 | Depths:5 | Killed a juggernaut
 65964 | Depths:5 | Reached skill level 18 in Invocations
 66169 | Depths:5 | Found a gate to the Realm of Zot.
 66266 | Depths:5 | Paralysed by a floating eye for 4 turns
 66474 | Depths:5 | Noticed a juggernaut
 66487 | Depths:5 | Killed a juggernaut
 67253 | Depths:4 | Gained mutation: You are clumsy. (Dex -2) [a shining eye]
 67258 | Depths:4 | Gained mutation: You are weak. (Str -2) [a shining eye]
 67303 | Depths:4 | Reached XP level 27. HP: 217/217 MP: 39/39
 67898 | Depths:4 | Identified the +10 battleaxe "Ymeimn" {drain, rC++}
 67967 | Depths:4 | Noticed a juggernaut
 67978 | Depths:4 | Killed a juggernaut
 68354 | Depths:4 | Learned a level 6 spell: Statue Form
 68755 | Depths:3 | Gained mutation: You are very clumsy. (Dex -4) [a
                  | cacodemon]
 68897 | Depths:3 | Found a one-way gate leading to the halls of Pandemonium.
 69353 | Crypt:1  | Entered Level 1 of the Crypt
 69997 | Crypt:1  | Learned a level 4 spell: Passage of Golubria
 70647 | Crypt:2  | Reached skill level 15 in Conjurations
 70647 | Crypt:2  | Reached skill level 15 in Hexes
 70647 | Crypt:2  | Reached skill level 15 in Charms
 70647 | Crypt:2  | Reached skill level 15 in Summonings
 70647 | Crypt:2  | Reached skill level 15 in Necromancy
 70647 | Crypt:2  | Reached skill level 15 in Translocations
 70647 | Crypt:2  | Reached skill level 15 in Transmutations
 70647 | Crypt:2  | Reached skill level 15 in Fire Magic
 70647 | Crypt:2  | Reached skill level 15 in Ice Magic
 70647 | Crypt:2  | Reached skill level 15 in Air Magic
 70647 | Crypt:2  | Reached skill level 15 in Earth Magic
 70647 | Crypt:2  | Reached skill level 15 in Poison Magic
 71581 | Crypt:3  | Entered Level 3 of the Crypt
 72009 | Crypt:3  | Noticed a greater mummy
 72021 | Crypt:3  | Killed a greater mummy
 72022 | Crypt:3  | Found a staircase to the Tomb.
 72784 | Crypt:3  | Found an ancient bone altar of Kikubaaqudgha.
 72837 | Crypt:3  | Identified the ring of Vosamusi {rF++ rN+ MR- Dex+7}
 72855 | Crypt:3  | Identified the ring of Yfail {*Contam rN+ Int+5 Slay+3
                  | Stlth+}
 73011 | Crypt:3  | Reached skill level 19 in Invocations
 73213 | Crypt:3  | Noticed an ancient lich
 73215 | Crypt:3  | Noticed an ancient lich
 73223 | Crypt:3  | Killed an ancient lich
 73229 | Crypt:3  | Killed an ancient lich
 73730 | Crypt:3  | Learned a level 8 spell: Necromutation
 73736 | Crypt:3  | Learned a level 5 spell: Aura of Abjuration
 73745 | Crypt:3  | Learned a level 8 spell: Borgnjor's Revivification
 74307 | Zot:1    | Entered Level 1 of the Realm of Zot
 74418 | Zot:1    | Identified the Volume of Helpful Battle Magic
 76008 | Zot:2    | Gained mutation: You are robust. (+10% HP) [mutagenic glow]
 76915 | Zot:3    | Noticed an orb of fire
 76916 | Zot:3    | Lost mutation: You are robust. (+10% HP) [an orb of fire]
 76916 | Zot:3    | Gained mutation: Potions are less effective at restoring
                  | your health. [an orb of fire]
 76917 | Zot:3    | Gained mutation: Armour fits poorly on your strangely
                  | shaped body. [an orb of fire]
 76922 | Zot:3    | Killed an orb of fire
 77263 | Zot:3    | Noticed an orb of fire
 77270 | Zot:3    | Gained mutation: You are very weak. (Str -4) [an orb of
                  | fire]
 77271 | Zot:3    | Gained mutation: You tend to lose your temper in combat.
                  | [an orb of fire]
 77272 | Zot:3    | Killed an orb of fire
 77817 | Zot:4    | Noticed an ancient lich
 77826 | Zot:4    | Killed an ancient lich
 79243 | Zot:4    | Reached skill level 20 in Invocations
 79630 | Zot:5    | Entered Level 5 of the Realm of Zot
 80296 | Zot:5    | Noticed an orb of fire
 80297 | Zot:5    | Noticed an orb of fire
 80298 | Zot:5    | Noticed an orb of fire
 80298 | Zot:5    | Noticed an orb of fire
 80299 | Zot:5    | Gained mutation: Your spells are a little easier to cast,
                  | but a little less powerful. [an orb of fire]
 80544 | Zot:5    | Killed an orb of fire
 81325 | Zot:5    | Gained mutation: You often lose your temper in combat. [an
                  | orb of fire]
 81328 | Zot:5    | Gained mutation: Scrolls take you a little longer to read.
                  | [an orb of fire]
 81334 | Zot:5    | Killed an orb of fire
 81335 | Zot:5    | Gained mutation: Scrolls take you longer to read. [an orb
                  | of fire]
 81339 | Zot:5    | Noticed an ancient lich
 81340 | Zot:5    | Killed an orb of fire
 81349 | Zot:5    | Lost mutation: Scrolls take you longer to read. [an orb of
                  | fire]
 81354 | Zot:5    | Killed an orb of fire
 81356 | Zot:5    | Killed an ancient lich
 82872 | Slime:1  | Entered Level 1 of the Pits of Slime
 83023 | Slime:3  | Gained mutation: Your magical capacity is very low. (-20%
                  | MP) [a shining eye]
 83370 | Slime:5  | Entered Level 5 of the Pits of Slime
 83563 | Slime:3  | Gained mutation: You occasionally shout uncontrollably at
                  | your foes. [a shining eye]
 83717 | Slime:2  | Gained mutation: Your magical capacity is extremely low.
                  | (-30% MP) [a shining eye]
 83719 | Slime:2  | Gained mutation: Your spells are easier to cast, but less
                  | powerful. [a shining eye]
 83722 | Slime:2  | Gained mutation: Your body sometimes deteriorates upon
                  | taking damage. [a shining eye]
 84627 | Slime:5  | Noticed the Royal Jelly
 84637 | Slime:5  | Killed the Royal Jelly
 84975 | Slime:5  | Paralysed by a floating eye for 4 turns
 85009 | Slime:5  | Identified the Collected Works on Congealing Transmutation
 85048 | Slime:5  | Identified the +4 gold dragon scales of Seuteof {rPois rF+
                  | rC+ MR+ Str-5 Dex+4 Slay+3} (You found it on level 5 of the
                  | Pits of Slime)
 85062 | Slime:5  | Got a slimy rune of Zot
 85096 | Slime:5  | Got a clouded platinum ring
 85099 | Slime:5  | Identified the ring of the Orange Skies {rElec rC- rN+
                  | Str+10} (You found it on level 5 of the Pits of Slime)
 85113 | Slime:5  | Lost mutation: Your spells are easier to cast, but less
                  | powerful. [potion of mutation]
 85113 | Slime:5  | Lost mutation: Potions are less effective at restoring your
                  | health. [potion of mutation]
 85113 | Slime:5  | Lost mutation: Your magical capacity is extremely low.
                  | (-30% MP) [potion of mutation]
 85113 | Slime:5  | Lost mutation: You are very clumsy. (Dex -4) [potion of
                  | mutation]
 85114 | Slime:5  | Lost mutation: Scrolls take you a little longer to read.
                  | [potion of mutation]
 85114 | Slime:5  | Lost mutation: Your body sometimes deteriorates upon taking
                  | damage. [potion of mutation]
 85114 | Slime:5  | Lost mutation: Your magical capacity is very low. (-20% MP)
                  | [potion of mutation]
 85114 | Slime:5  | Gained mutation: You are partially covered in icy blue
                  | scales. (AC +2) [potion of mutation]
 85114 | Slime:5  | Lost mutation: You are clumsy. (Dex -2) [potion of
                  | mutation]
 85114 | Slime:5  | Lost mutation: Armour fits poorly on your strangely shaped
                  | body. [potion of mutation]
 85115 | Slime:5  | Lost mutation: Your spells are a little easier to cast, but
                  | a little less powerful. [potion of mutation]
 85115 | Slime:5  | Lost mutation: You are very weak. (Str -4) [potion of
                  | mutation]
 85115 | Slime:5  | Lost mutation: You occasionally shout uncontrollably at
                  | your foes. [potion of mutation]
 85115 | Slime:5  | Lost mutation: You often lose your temper in combat.
                  | [potion of mutation]
 85115 | Slime:5  | Gained mutation: You have a somewhat thin skeletal
                  | structure. (Dex +2, Stealth) [potion of mutation]
 85115 | Slime:5  | Gained mutation: You are somewhat resistant to further
                  | mutation. [potion of mutation]
 85116 | Slime:5  | Lost mutation: Your magical capacity is low. (-10% MP)
                  | [potion of mutation]
 85116 | Slime:5  | Lost mutation: You are weak. (Str -2) [potion of mutation]
 85116 | Slime:5  | Lost mutation: You are partially covered in icy blue
                  | scales. (AC +2) [potion of mutation]
 85117 | Slime:5  | Lost mutation: You are somewhat resistant to further
                  | mutation. [potion of mutation]
 85117 | Slime:5  | Lost mutation: You tend to lose your temper in combat.
                  | [potion of mutation]
 85117 | Slime:5  | Lost mutation: You have a somewhat thin skeletal structure.
                  | (Dex +2, Stealth) [potion of mutation]
 85117 | Slime:5  | Gained mutation: Your mind is acute. (Int +2) [potion of
                  | mutation]
 85117 | Slime:5  | Gained mutation: You are frail. (-10% HP) [potion of
                  | mutation]
 85117 | Slime:5  | Gained mutation: Your muscles are strong. (Str +2) [potion
                  | of mutation]
 85445 | Hell     | Entered the Vestibule of Hell
 85445 | Hell     | Noticed Geryon
 85468 | Hell     | Noticed Murray
 85469 | Hell     | Reached skill level 21 in Invocations
 85493 | Hell     | Killed Murray
 85843 | Hell     | Killed Geryon
 85995 | Hell     | Found a gateway to the decaying netherworld of Tartarus.
 86018 | Hell     | Found a gateway to the freezing wastes of Cocytus.
 86069 | Hell     | Found a gateway to the ashen valley of Gehenna.
 86419 | Hell     | Found a gateway to the Iron City of Dis.
 86488 | Coc:1    | Entered Level 1 of Cocytus
 87927 | Coc:7    | Entered Level 7 of Cocytus
 88580 | Coc:7    | Identified the ring "Dyekhluxzo" {rElec rC+ Str+2 Int+5
                  | Dex-5}
 88580 | Coc:7    | Noticed Antaeus
 88615 | Coc:7    | Killed Antaeus
 88652 | Coc:7    | Got an icy rune of Zot
 88847 | Geh:1    | Entered Level 1 of Gehenna
 89921 | Geh:7    | Entered Level 7 of Gehenna
 90030 | Geh:7    | Reached skill level 22 in Invocations
 90723 | Geh:7    | Noticed the Serpent of Hell
 91358 | Geh:7    | Got an ancient double sword
 91359 | Geh:7    | Identified the +6 double sword "Qegoox Neth" {flame, *Drain
                  | MR+ Stlth+} (You found it on level 7 of Gehenna)
 91390 | Geh:7    | Identified the +7 sceptre of Asmodeus
 91390 | Geh:7    | Noticed Asmodeus
 91424 | Geh:7    | HP: 10/206 [Asmodeus/damnation (24)]
 91464 | Geh:7    | Killed from afar by a Brimstone Fiend

Levels and vault maps discovered:
D:1:      eino_arrival_water_cross, layout_rooms, serial_corexii_hall,
          corexii_hall_statues_l, chequers_hall_statues_y, interstate_on_off
D:2:      layout_basic, first_ration
D:3:      layout_loops_ring, biasface_ghost_orc_armoury, trog_book
D:4:      layout_gridville, gammafunk_ghost_mausoleum, uniq_eustachio,
          uniq_sigmund
D:5:      layout_basic, nicolae_overflow_hidden_temple,
          nicolae_ru_great_annihilating_truth, lemuel_crystal_altar,
          gammafunk_ghost_grave, st_stairs_14, nrook_loot_triangle
D:6:      layout_rooms, zin_academy
D:7:      layout_loops_ring, minmay_temple_entry_offerings, grunt_ogre_cave,
          makhleb_blood_cavern_becter
D:8:      layout_loops_cross
D:9:      layout_rooms, orc_0_dummy, lightli_wizard_tower, uniq_maggie,
          uniq_maurice, uniq_psyche
D:10:     layout_roguey, uniq_snorg
D:11:     layout_loops_ring, lair_entry_dummy, uniq_gastronok
D:12:     layout_irregular_city, serial_shops, shop
D:13:     layout_long_grid, gammafunk_ghost_stat_death
D:14:     layout_long_grid, david_vaults_5, evilmike_ruin_ashenzari,
          columned_hall_lemuel
D:15:     gammafunk_depths_entry_grave, layout_rooms
Temple:   hc_temple_tempest_star
Lair:1:   layout_loops_ring, lemuel_fruit_tree, uniq_grum
Lair:2:   layout_chaotic_city, uniq_sonja, uniq_nergalle
Lair:3:   layout_big_grid, minmay_swamp_entry_worms,
          nicolae_spider_entry_non_spiders
Lair:4:   layout_roguey, grunt_megastairs_1
Lair:5:   layout_cave_pods, nicolae_slime_entry_slimehenge, uniq_urug
Lair:6:   evilmike_catoblepas_cave, layout_cave_pods, grunt_megastairs_3
Swamp:1:  layout_basic_swamp, evilmike_swamp_ruin_house_1, uniq_kirke,
          uniq_josephine
Swamp:2:  layout_falls_marsh, evilmike_swamp_ruin_house_4
Swamp:3:  layout_basic_swamp, evilmike_swamp_ruin_house_5, swamp_pool2,
          nicolae_swamp_snake_nest
Swamp:4:  grunt_swamp_rune_castle, layout_basic_swamp, swamp_pool1,
          nicolae_swamp_necromancer_hut
Spider:1: layout_spider_delve
Spider:2: layout_spider_delve, hangedman_spider_tarantella_strand, uniq_jorgrun
Spider:3: layout_spider_delve, nicolae_spider_cling_ruins, uniq_aizul
Spider:4: grunt_spider_rune_circles
Slime:1:  layout_caves, nicolae_slime_barrier
Slime:2:  layout_caves, cheibrodos_slime_lost_civilization_5
Slime:3:  layout_caves
Slime:4:  layout_caves
Slime:5
Orc:1:    layout_caves, uniq_fannar
Orc:2:    grunt_orc_cross, layout_diamond_mine, basic_altar, nooodl_orcs_dogs
Elf:1:    minmay_elf_arrival_plus, layout_geoelf_octagon, serial_shops,
          nicolae_shop_overgrown_old_shop, hangedman_elf_disciples, uniq_agnes,
          uniq_louise
Elf:2:    layout_onion_city, solitary_fountain
Elf:3:    elf_hall, layout_geoelf_castle, special_room
          [special_room_mythical_zoo]
Vaults:1: ebering_vaults_ghost_inner_flame, nicolae_vaults_little_squares_2,
          hangedman_vaults_restitches, nicolae_vaults_bisected_slash,
          hangedman_vaults_stream, nicolae_vaults_yaktaur_gun_rack, v_misc_16,
          v_pattern_2, v_misc_27, hangedman_vaults_corner, v_misc_25,
          ontoclasm_vaults_fault, layout_vaults_omnibox, serial_shops, shop
Vaults:2: v_alt_pattern_2, vaults_door_vault, v_alt_pattern_1,
          grunt_vaults_swirl, vaults_dpeg_cross, vaults_dpeg_diagonal, v_misc_3,
          v_misc_27, grunt_vaults_focal, layout_vaults_omnigrid, serial_shops,
          freezing_bzr, basic_altar
Vaults:3: vaults_mumra_hex, nicolae_vaults_network_periphery,
          minmay_crypt_entry_simple_walls, hangedman_vaults_hat,
          ontoclasm_vaults_eye, nicolae_vaults_what_the_h,
          nicolae_vaults_border_crossing, layout_vaults_big_cross,
          nicolae_trove_entry_diagonal
Vaults:4: v_pattern_3, vaults_standard_mumra_lines, grunt_vaults_hallway_short,
          ontoclasm_vaults_ring_small, ontoclasm_vaults_twist,
          ontoclasm_vaults_spin, ontoclasm_vaults_ligature,
          nicolae_vaults_little_squares_6, v_misc_22,
          hangedman_vaults_river_flow, vaults_room_glass_cross, v_misc_1,
          vaults_room_corners, layout_vaults_ring, serial_shops, bzr_entry_road,
          portal_desolation_entry_salt
Vaults:5
Crypt:1:  layout_chaotic_city
Crypt:2:  layout_gridlike
Crypt:3:  evilmike_haunted_forest
Depths:1: layout_gridville, enter_ziggurat_d, special_room [special_room_jelly],
          grunt_hell_entry_dis_mu, chequers_serial_rivers_small_a,
          item_on_display_a
Depths:2: minmay_the_grid_ultimate [minmay_the_grid_prize_inner_circle,
          minmay_the_grid_prize_four_corners_diamond_b,
          minmay_the_grid_prize_shrinking_boxes,
          minmay_the_grid_prize_four_corners,
          minmay_the_grid_square_5x5_spiral_small,
          minmay_the_grid_square_5x5_slash, minmay_the_grid_square_5x5_inner_v,
          minmay_the_grid_square_5x5_hourglass,
          minmay_the_grid_square_5x5_six_small, minmay_the_grid_square_5x5_n,
          minmay_the_grid_square_5x5_dogpile,
          minmay_the_grid_square_5x5_bracketed,
          minmay_the_grid_square_5x5_inner_z,
          minmay_the_grid_square_5x5_misaligned,
          minmay_the_grid_square_5x5_fancy_junction,
          minmay_the_grid_square_5x5_almost_minimal,
          minmay_the_grid_square_5x5_gyroscope,
          minmay_the_grid_square_5x5_trominoes,
          minmay_the_grid_square_5x5_eight_small,
          minmay_the_grid_triangle_9x9_alien,
          minmay_the_grid_triangle_9x9_fully_insulated_deathbox,
          minmay_the_grid_triangle_9x9_checkered,
          minmay_the_grid_triangle_9x9_semitri,
          minmay_the_grid_triangle_9x9_stretched_checkered,
          minmay_the_grid_triangle_9x9_warning,
          minmay_the_grid_triangle_9x9_zippers_horizontal,
          minmay_the_grid_triangle_9x9_descending_squares,
          minmay_the_grid_triangle_9x9_empty,
          minmay_the_grid_triangle_9x9_limited_checkers,
          minmay_the_grid_triangle_9x9_minimal,
          minmay_the_grid_triangle_9x9_flanged_cone,
          minmay_the_grid_triangle_9x9_thin_v,
          minmay_the_grid_triangle_9x9_shrine,
          minmay_the_grid_triangle_9x9_swiss_cheese,
          minmay_the_grid_triangle_9x9_steps, minmay_the_grid_square_5x5_tie,
          minmay_the_grid_octo_focus, minmay_the_grid_octo_toaster,
          minmay_the_grid_octo_teeth, minmay_the_grid_octo_clover,
          minmay_the_grid_octo_77, minmay_the_grid_octo_horde,
          minmay_the_grid_octo_concentric, minmay_the_grid_octo_tetromino_candy,
          minmay_the_grid_expand, minmay_the_grid_broken_lines,
          minmay_the_grid_large_cup, minmay_the_grid_spin_star], hell_entry,
          abyss_entry, uniq_saint_roka
Depths:3: kennysheep_demon_jail, layout_cave_pools, rand_demon_pan_entry_7,
          infiniplex_staircase_pillars_3b, hell_entry, serial_bayou_shore_a,
          uniq_asterion
Depths:4: giant_chief_lemuel, layout_gridlike, minmay_room_of_horrors,
          hangedman_abyss_or_decor_clamps, hell_entry,
          infiniplex_staircase_diamond
Depths:5: grunt_runaround [grunt_runaround_doors_1, grunt_runaround_doors_2,
          grunt_runaround_doors_3, grunt_runaround_doors_4,
          grunt_runaround_zot], hell_entry
Hell
Geh:1:    layout_gehenna_lava_caves
Geh:2:    layout_gehenna_lava_caves
Geh:3:    layout_gehenna_pools_triple
Geh:4:    layout_gehenna_pools_basic
Geh:5:    layout_gehenna_pools_box, hangedman_hellfire_club
Geh:6:    layout_gehenna_pools_triple
Geh:7:    geh_mu
Coc:1:    layout_ice_bergs
Coc:2:    layout_ice_bergs
Coc:3:    layout_ice_bergs
Coc:4:    layout_ice_bergs
Coc:5:    layout_cocytus_water_paths
Coc:6:    layout_ice_bergs
Coc:7:    coc_grunt
Zot:1:    lemuel_halls_of_wrath, layout_concentric_octagons
Zot:2:    grunt_zot_stairs_faceoff, layout_basic
Zot:3:    layout_onion, st_stairs_12
Zot:4:    ebering_klown_carousel, layout_gridlike, grunt_ministairs_2, drop_trap
Zot:5:    layout_misc_corridors

Skill      XL: |  1  2  3  4  5  6  7  8  9 10 11 12 13 14 15 16 17 18 19 20 21 22 23 24 25 26 27 |
---------------+----------------------------------------------------------------------------------+-----
Invocations    | 1 2 5 6 7 8 9 10 11 12 13 14 15 16 17 18 22 | 22.2
Short Blades   | 1 4 5 6 7 8 9 10 11 12 13 14 15 16 20 | 20.7
Long Blades    | 1 4 5 6 7 8 9 10 11 12 13 14 15 16 20 | 20.7
Maces & Flails | 1 4 5 6 7 8 9 10 11 12 13 14 15 16 20 | 20.7
Polearms       | 1 4 5 6 7 8 9 10 11 12 13 14 15 16 20 | 20.7
Staves         | 1 4 5 6 7 8 9 10 11 12 13 14 15 16 20 | 20.7
Slings         | 1 4 5 6 7 8 9 10 11 12 13 14 15 16 20 | 20.7
Bows           | 1 4 5 6 7 8 9 10 11 12 13 14 15 16 20 | 20.7
Crossbows      | 1 4 5 6 7 8 9 10 11 12 13 14 15 16 20 | 20.7
Throwing       | 1 4 5 6 7 8 9 10 11 12 13 14 15 16 20 | 20.7
Dodging        | 1 4 5 6 7 8 9 10 11 12 13 14 15 16 20 | 20.7
Stealth        | 1 4 5 6 7 8 9 10 11 12 13 14 15 16 20 | 20.7
Shields        | 1 4 5 6 7 8 9 10 11 12 13 14 15 16 20 | 20.7
Spellcasting   | 1 4 5 6 7 8 9 10 11 12 13 14 15 16 20 | 20.7
Conjurations   | 1 4 5 6 7 8 9 10 11 12 13 14 18 | 18.0
Hexes          | 1 4 5 6 7 8 9 10 11 12 13 14 18 | 18.0
Charms         | 1 4 5 6 7 8 9 10 11 12 13 14 18 | 18.0
Summonings     | 1 4 5 6 7 8 9 10 11 12 13 14 18 | 18.0
Necromancy     | 1 4 5 6 7 8 9 10 11 12 13 14 18 | 18.4
Translocations | 1 4 5 6 7 8 9 10 11 12 13 14 18 | 18.0
Transmutations | 1 4 5 6 7 8 9 10 11 12 13 14 18 | 18.0
Fire Magic     | 1 4 5 6 7 8 9 10 11 12 13 14 18 | 18.0
Ice Magic      | 1 4 5 6 7 8 9 10 11 12 13 14 18 | 18.0
Air Magic      | 1 4 5 6 7 8 9 10 11 12 13 14 18 | 18.0
Earth Magic    | 1 4 5 6 7 8 9 10 11 12 13 14 18 | 18.0
Poison Magic   | 1 4 5 6 7 8 9 10 11 12 13 14 18 | 18.0
Armour         | 3 5 6 7 8 9 10 11 12 13 14 15 16 17 20 | 20.9
Unarmed Combat | 3 5 6 7 8 9 10 11 12 13 14 15 16 17 20 | 20.9
Evocations     | 6 7 8 9 10 11 12 13 14 15 16 17 21 | 21.1
Fighting       | 8 9 10 11 12 13 14 15 16 17 21 | 21.4
Axes           | 8 9 10 11 12 13 14 15 16 17 21 | 21.4

Action                   |  1- 3 |  4- 6 |  7- 9 | 10-12 | 13-15 | 16-18 | 19-21 | 22-24 | 25-27 || total
-------------------------+-------+-------+-------+-------+-------+-------+-------+-------+-------++-------
Melee: Hand axe          |    97 |    79 |   497 |   116 |       |       |       |       |       ||   789
       Bite              |    11 |     4 |    69 |   102 |   357 |   529 |   552 |   341 |  1027 ||  2992
       Punch             |     1 |     1 |     4 |       |       |       |       |       |       ||     6
       Spear             |       |       |       |    88 |   768 |  2181 |  1981 |   379 |       ||  5397
       Short sword       |       |       |       |   378 |   711 |       |       |       |       ||  1089
       Unarmed           |       |       |       |       |       |     1 |       |       |     8 ||     9
       Lajatang          |       |       |       |       |       |       |       |   496 |       ||   496
       Broad axe         |       |       |       |       |       |       |       |   616 |  4367 ||  4983
Throw: Throwing net      |       |       |     2 |     3 |     2 |       |     1 |       |       ||     8
       Dart              |       |       |     3 |    10 |       |     1 |     1 |       |       ||    15
 Cast: Lesser Beckoning  |       |       |       |       |       |       |       |     4 |    21 ||    25
       Song of Slaying   |       |       |       |       |       |       |       |     1 |    62 ||    63
       Summon Lightning  |       |       |       |       |       |       |       |     1 |     2 ||     3
       Death Channel     |       |       |       |       |       |       |       |       |    39 ||    39
       Necromutation     |       |       |       |       |       |       |       |       |    26 ||    26
       Controlled Blink  |       |       |       |       |       |       |       |       |     3 ||     3
       Aura of Abjuratio |       |       |       |       |       |       |       |       |     3 ||     3
Invok: Slouch            |       |       |       |     3 |       |     1 |    13 |    15 |     8 ||    40
       Temporal Distorti |       |       |       |       |       |       |     2 |       |       ||     2
       Step From Time    |       |       |       |       |       |       |     1 |       |     5 ||     6
Evoke: Wand              |       |       |     1 |     5 |    14 |    18 |    33 |     6 |     9 ||    86
       Phial of floods   |       |       |       |       |     3 |       |     1 |       |     1 ||     5
       Box of beasts     |       |       |       |       |       |     1 |       |       |       ||     1
       Lightning rod     |       |       |       |       |       |       |     9 |       |       ||     9
       Phantom mirror    |       |       |       |       |       |       |       |       |     1 ||     1
  Use: Scroll            |       |     2 |     7 |     9 |    15 |    11 |    12 |    28 |    25 ||   109
       Potion            |       |     3 |     1 |     7 |     6 |     5 |    12 |     1 |    22 ||    57
 Stab: Sleeping          |       |     1 |     3 |     6 |    15 |       |       |       |       ||    25
       Held in net/web   |       |       |     3 |     8 |       |       |       |       |       ||    11
       Paralysed         |       |       |     6 |     3 |     2 |       |     3 |       |       ||    14
       Distracted        |       |       |       |     1 |     1 |     1 |     1 |       |    58 ||    62
       Invisible         |       |       |       |       |    14 |       |       |       |       ||    14
       Petrifying        |       |       |       |       |     1 |       |       |       |     1 ||     2
       Confused          |       |       |       |       |       |    10 |       |       |     2 ||    12
       Petrified         |       |       |       |       |       |       |       |    10 |     1 ||    11
  Eat: Chunk             |     2 |     4 |    13 |    13 |    26 |    21 |    17 |    22 |    28 ||   146
       Ration            |       |       |     2 |       |       |     1 |     1 |       |     8 ||    12
Armor: Robe              |    18 |     4 |       |       |       |       |       |       |       ||    22
       Ring mail         |       |    12 |    39 |       |       |       |       |       |       ||    51
       Chain mail        |       |       |   140 |    60 |   230 |    28 |       |       |       ||   458
       Scale mail        |       |       |       |    87 |    84 |       |       |       |       ||   171
       Skin              |       |       |       |     8 |       |       |       |       |       ||     8
       Gold dragon scale |       |       |       |       |       |   771 |   477 |   538 |  1069 ||  2855
Dodge: Dodged            |    49 |    49 |   177 |   243 |   817 |  1492 |   881 |  1205 |  2848 ||  7761
Block: Buckler           |       |       |    55 |   172 |   735 |  1010 |   591 |   186 |       ||  2749
       Reflection        |       |       |       |       |    20 |       |       |       |       ||    20
       Kite shield       |       |       |       |       |       |       |       |   588 |  4164 ||  4752

Table legend:
 A = Non-vault XP
 B = Vault XP
 C = Vault XP percentage of total XP
 D = Non-vault monster count
 E = Vault monster count
 F = Vault count percentage of total count
                 A         B        C        D         E       F
            +---------+---------+-------+---------+---------+-------
      Total | 1169307 | 1284481 |  52.3 |    2224 |    1359 |  37.9
            +---------+---------+-------+---------+---------+-------
        D:1 |      50 |       0 |   0.0 |      30 |       0 |   0.0
        D:2 |      56 |       0 |   0.0 |      21 |       0 |   0.0
        D:3 |      96 |     208 |  68.4 |      20 |       8 |  28.6
        D:4 |     168 |     612 |  78.5 |      12 |       6 |  33.3
        D:5 |    1014 |     606 |  37.4 |      20 |       7 |  25.9
        D:6 |     185 |       0 |   0.0 |       5 |       0 |   0.0
        D:7 |    1348 |     265 |  16.4 |      34 |       3 |   8.1
        D:8 |    3365 |     472 |  12.3 |      45 |       1 |   2.2
        D:9 |    4602 |    1553 |  25.2 |      31 |       4 |  11.4
       D:10 |    7309 |    1112 |  13.2 |      66 |       1 |   1.5
       D:11 |    4173 |    2307 |  35.6 |      23 |       1 |   4.2
       D:12 |    3106 |       0 |   0.0 |      17 |       0 |   0.0
       D:13 |    4910 |    2037 |  29.3 |      30 |       8 |  21.1
       D:14 |   10303 |    3216 |  23.8 |      39 |       5 |  11.4
       D:15 |   11294 |    3792 |  25.1 |      22 |       8 |  26.7
     Lair:1 |     615 |     666 |  52.0 |       2 |       5 |  71.4
     Lair:2 |    3899 |    1622 |  29.4 |      18 |       2 |  10.0
     Lair:3 |    6860 |     796 |  10.4 |      25 |       9 |  26.5
     Lair:4 |    4062 |     741 |  15.4 |      13 |       4 |  23.5
     Lair:5 |    6127 |     962 |  13.6 |      21 |       6 |  22.2
     Lair:6 |   10846 |   12068 |  52.7 |      43 |      25 |  36.8
    Swamp:1 |    6213 |    4530 |  42.2 |      22 |      10 |  31.2
    Swamp:2 |   10512 |       0 |   0.0 |      32 |       0 |   0.0
    Swamp:3 |   14659 |    6195 |  29.7 |      43 |      12 |  21.8
    Swamp:4 |   10411 |   16703 |  61.6 |      28 |      37 |  56.9
   Spider:1 |   17219 |       0 |   0.0 |      49 |       0 |   0.0
   Spider:2 |   20787 |    3145 |  13.1 |      61 |       2 |   3.2
   Spider:3 |   10397 |    1721 |  14.2 |      22 |       1 |   4.3
   Spider:4 |   16893 |   20481 |  54.8 |      45 |      34 |  43.0
    Slime:1 |    3000 |       0 |   0.0 |       4 |       0 |   0.0
    Slime:2 |   21689 |       0 |   0.0 |      25 |       0 |   0.0
    Slime:3 |   25907 |       0 |   0.0 |      32 |       0 |   0.0
    Slime:4 |   11924 |       0 |   0.0 |      14 |       0 |   0.0
    Slime:5 |   12679 |   26463 |  67.6 |      33 |      13 |  28.3
      Orc:1 |     697 |     896 |  56.2 |      22 |       1 |   4.3
      Orc:2 |    4107 |    8085 |  66.3 |      38 |      47 |  55.3
      Elf:1 |   11870 |   11186 |  48.5 |      20 |      15 |  42.9
      Elf:2 |   12393 |   23695 |  65.7 |      23 |      28 |  54.9
      Elf:3 |   16642 |   63239 |  79.2 |      29 |      58 |  66.7
   Vaults:1 |   16827 |   23857 |  58.6 |      35 |      37 |  51.4
   Vaults:2 |   19910 |   25581 |  56.2 |      29 |      26 |  47.3
   Vaults:3 |   20591 |   24767 |  54.6 |      41 |      52 |  55.9
   Vaults:4 |   41764 |   62349 |  59.9 |      53 |      58 |  52.3
   Vaults:5 |   39446 |   72838 |  64.9 |      57 |      60 |  51.3
    Crypt:1 |   21067 |       0 |   0.0 |      33 |       0 |   0.0
    Crypt:2 |   34858 |       0 |   0.0 |      46 |       0 |   0.0
    Crypt:3 |       0 |   82018 | 100.0 |       0 |     109 | 100.0
   Depths:1 |   49270 |   18157 |  26.9 |      71 |      18 |  20.2
   Depths:2 |    1710 |  191111 |  99.1 |       2 |     148 |  98.7
   Depths:3 |   35101 |   15388 |  30.5 |      60 |      22 |  26.8
   Depths:4 |   29649 |   40948 |  58.0 |      41 |      56 |  57.7
   Depths:5 |       0 |   78869 | 100.0 |       0 |      65 | 100.0
       Hell |   21413 |   33426 |  61.0 |      29 |      53 |  64.6
      Geh:1 |   27534 |       0 |   0.0 |      61 |       0 |   0.0
      Geh:2 |    7073 |       0 |   0.0 |      13 |       0 |   0.0
      Geh:3 |    4101 |       0 |   0.0 |      12 |       0 |   0.0
      Geh:4 |    2252 |       0 |   0.0 |       8 |       0 |   0.0
      Geh:5 |   12098 |       0 |   0.0 |      34 |       0 |   0.0
      Geh:6 |    9532 |       0 |   0.0 |      10 |       0 |   0.0
      Geh:7 |   67968 |   37244 |  35.4 |     114 |      37 |  24.5
      Coc:1 |   35606 |       0 |   0.0 |      41 |       0 |   0.0
      Coc:2 |   11470 |       0 |   0.0 |      26 |       0 |   0.0
      Coc:3 |   13268 |       0 |   0.0 |      31 |       0 |   0.0
      Coc:4 |   10737 |       0 |   0.0 |      19 |       0 |   0.0
      Coc:5 |   29619 |       0 |   0.0 |      74 |       0 |   0.0
      Coc:7 |   72624 |   46340 |  39.0 |      62 |      33 |  34.7
      Zot:1 |   22395 |   27758 |  55.3 |      14 |      49 |  77.8
      Zot:2 |   42270 |   25501 |  37.6 |      26 |      14 |  35.0
      Zot:3 |   35307 |    5235 |  12.9 |      17 |       2 |  10.5
      Zot:4 |   65727 |   41634 |  38.8 |      35 |      17 |  32.7
      Zot:5 |   39705 |  154958 |  79.6 |      23 |      41 |  64.1
    Abyss:2 |   16028 |       0 |   0.0 |      28 |       0 |   0.0
 Desolation |       0 |   57128 | 100.0 |       0 |     101 | 100.0
            +---------+---------+-------+---------+---------+-------
